cohdb
Replays
Latest Replays
All Replays
Popular Replays
Top Player Replays
Match Explorer
How It Works
Community
CoH3 Stats
Reddit
Sign in to upload your games and track your stats! →
Sign in with Steam
Match 42571531
Unlisted
Match 42571531
Overview
Messages
Build Orders
End
Construct Infanterie Kompanie
Selects Breakthrough Battlegroup
Grenadier Squad
MG 42 Machine Gun Team
GrW 34 Mortar Team
Construct Luftwaffe Kompanie
Jäger Squad
221 Scout Car
221 Scout Car
Selects Rapid Production
Jäger Squad
Medical Station
Construct Panzer Kompanie
Luftwaffe Officer Quarters
Jäger Squad
Selects Blitzkrieg
Panzer IV Medium Tank
Panzer IV Medium Tank
Blitzkrieg
Side Skirts
Panzer Officer Quarters
Panzer IV Medium Tank
Selects Assault Grenadiers
Selects Breakthrough
Selects Incendiary Bombing Run
Selects Assault Grenadiers
Selects Breakthrough
Selects Incendiary Bombing Run
Incendiary Bombing Run
Panzer IV Medium Tank
SturmTigerGaddafi
Raptortwo
ghetto_capitalist
Rabbit?
Tok3n x Operator
寒鸦
jMNO
Kupec
0
0
Comments
sign in to comment!
No comments posted yet!